Kradschützen Motorcycle Team
Selects Armored Support Battlegroup
Construct Light Support Kompanie
Selects Superior Fire Drills
Construct Mechanized Kompanie
Kradschützen Motorcycle Team
Panzerjäger Mechanized Group
Construct Panzerarmee Kommand
Selects Flammpanzer III Medium Tank
Selects Command Panzer IV F Medium Tank
Command Panzer IV F Medium Tank
254 Reconnaissance Tractor
Selects Stuka Anti-tank Loiter